AoeStats
← ricky102603

Arabia

509562497Analyzed
1v1 RM · 6d ago on Sep 27, 2026· 64m 40s· 2 players
Game mode
Random Map
Map size
Tiny (2 player)
Population
200
Speed
Normal
Resources
Standard
Victory
Conquest
Starting age
Dark Age
Ending age
Imperial Age
RankedLock teamsTeams togetherTeam positionsShared explorationLock speedFull tech treeHidden civsTurbo modeCheats
Victory
Defeat
🇭🇰 Goths · Hong Kong SAR China
944
+19
🇹🇼 Ethiopians · Taiwan
1017
-19
ricky102603
6:46 Loom
9:18 Feudal Age
11:46 Fletching
13:27 Padded Archer Armor
20:02 Padded Archer Armor
25:48 Castle Age
24:21 Double-Bit Axe
25:41 Forging
25:36 Scale Barding Armor
31:22 Forging
31:17 Scale Barding Armor
33:35 Iron Casting
33:58 Husbandry
34:30 Chain Barding Armor
39:52 Scale Mail Armor
42:00 Devotion
46:29 Imperial Age
45:05 Bodkin Arrow
45:25 Leather Archer Armor
45:42 Crossbowman
47:00 Thumb Ring
47:29 Cavalier
49:50 Blast Furnace
48:54 Bracer
49:56 Bow Saw
50:11 Arbalester
51:59 Ballistics
52:40 Chemistry
51:49 Gold Mining
51:49 Stone Mining
53:23 Ring Archer Armor
VincentCW
1:48 Loom
12:05 Feudal Age
12:09 Man-at-Arms
17:42 Scale Mail Armor
17:33 Fletching
19:10 Padded Archer Armor
21:30 Horse Collar
25:00 Forging
26:09 Wheelbarrow
26:34 Double-Bit Axe
29:52 Castle Age
28:30 Gold Mining
28:31 Stone Mining
29:57 Crossbowman
30:14 Elite Skirmisher
31:07 Bodkin Arrow
31:28 Leather Archer Armor
34:31 Hand Cart
34:34 Bow Saw
36:54 Squires
36:14 Pikeman
40:28 Iron Casting
40:09 Chain Mail Armor
39:58 Heavy Plow
42:37 Long Swordsman
42:43 Long Swordsman
43:55 Town Watch
49:18 Imperial Age
51:34 Two-Man Saw
50:56 Conscription
51:15 Stone Shaft Mining
50:24 Halberdier
51:37 Perfusion
54:09 Blast Furnace
53:10 Bracer
53:40 Ring Archer Armor
53:16 Scale Barding Armor
52:50 Two-Handed Swordsman
53:46 Bloodlines
53:37 Husbandry
52:57 Cavalier
55:11 Anarchy
59:59 Elite Huskarl
63:04 Champion
Connection lost

Rejoining the realm…

Still unreachable

The connection could not be restored.

Session expired

The server has moved on; the page needs a fresh start.